 Dungeon Crawl Stone Soup version 0.26.0-10-g1f06aea511 (webtiles) character file.

Game seed: 15583478282946649507

49 inc the Vexing (level 3, -1/14 HPs)
             Began as a Felid Enchanter on Feb 1, 2021.
             Slain by a quokka (4 damage)
             ... on level 2 of the Dungeon.
             The game lasted 00:01:34 (1984 turns).

inc the Vexing (Felid Enchanter)                    Turns: 1984, Time: 00:01:34

Health: -1/14      AC:  1    Str:  4    XL:     3   Next: 53%
Magic:  3/7        EV: 20    Int: 16    God:
Gold:   105        SH:  0    Dex: 23    Spells: 3/6 levels left
                                        Lives:  0   Deaths: 0

rFire    . . .     SeeInvis +     - Unarmed
rCold    . . .     Faith    .   (shield unavailable)
rNeg     . . .     Spirit   .   (armour unavailable)
rPois    .         Reflect  .   (helmet unavailable)
rElec    .         Harm     .   (cloak unavailable)
rCorr    .         Rampage  .   (gloves unavailable)
Will     .....                  (boots unavailable)
Stlth    +++.......             (no amulet)
HPRegen  0.04/turn              g - +6 ring of dexterity
MPRegen  0.10/turn              (no ring)

@: quick
A: very small, no armour, no weapons or thrown items, stealth, claws 1, fangs 3,
see invisible, speed 1, shaggy fur 1, sharp paws
a: no special abilities


You were on level 2 of the Dungeon.
You visited 1 branch of the dungeon, and saw 2 of its levels.

You collected 105 gold pieces.

Inventory:

Jewellery
 g - a +6 ring of dexterity (left paw)
Wands
 h - a wand of random effects (10)
Scrolls
 a - 2 scrolls of remove curse {unknown}
 d - a scroll of enchant armour {unknown}
 i - a scroll of blinking {unknown}
Potions
 b - a potion of degeneration {unknown}
 c - a potion of might {unknown}
 e - a potion of heal wounds {unknown}
 f - 2 potions of curing {unknown}


   Skills:
 + Level 4.2 Dodging
 - Level 4.0 Stealth
 - Level 2.4 Unarmed Combat
 - Level 2.0 Spellcasting
 - Level 4.4 Hexes


You had 3 spell levels left.
You knew the following spells:

 Your Spells              Type           Power        Failure   Level
a - Corona                Hex            16%          3%          1
b - Ensorcelled Hibernat  Hex/Ice        16%          13%         2

Your spell library contained the following spells:

 Spells                   Type           Power        Failure   Level
 Confusing Touch          Hex            15%          11%         3
 Tukima's Dance           Hex            15%          11%         3
 Dazzling Flash           Conj/Hex       16%          26%         3


Dungeon Overview and Level Annotations

Branches:
Dungeon (2/15)

Altars:


Innate Abilities, Weirdness & Mutations

You cannot wear armour.
You are incapable of wielding weapons or throwing items.
Your paws allow you to move quietly. (Stealth)
You have sharp claws.
You have razor-sharp teeth.
You have supernaturally acute eyesight. (SInv)
You cover ground quickly.
You are covered in fur. (AC +1)
Your sharp claws are effective at attacking unaware monsters.


Message History

Your magical contamination has completely faded away.
You scratch the dart slug but do no damage.
The dart slug is heavily wounded.
The dart slug launches a dart at you. The slug dart hits you.
You scratch the dart slug.
The dart slug is severely wounded.
You scratch the dart slug but do no damage.
The dart slug is severely wounded.
The dart slug bites you.
* * * LOW HITPOINT WARNING * * *
You scratch the dart slug.
You kill the dart slug!
You scratch the quokka.
The quokka is lightly wounded.
The quokka completely misses you. The quokka misses you.
You scratch the quokka but do no damage.
The quokka is lightly wounded.
The quokka bites you.
You die...

(#........#
......>..#
#.......
##..... #....#
#....# +!..?#
###.r# .#
##@##.# #.##.#
#(##.# #..#.#
##.#.# #...#
##..# ###
############..#
..#
#....(....###.#
#.#


You could see a quokka.

Vanquished Creatures
  A worker ant (D:2)
  A dart slug (D:2)
  A ball python (D:2)
  3 bats
  A giant cockroach (D:1)
  5 goblins
  3 hobgoblins
  2 jackals (D:1)
  3 kobolds (D:1)
  A frilled lizard (D:1)
  A rat (D:1)
22 creatures vanquished.

Notes
Turn   | Place    | Note
-------+----------+-------------------------------------------
     0 | D:1      | inc the Felid Enchanter began the quest for the Orb.
     0 | D:1      | Reached XP level 1. HP: 7/7 MP: 4/4
   196 | D:1      | Reached XP level 2. HP: 4/11 MP: 6/6
   582 | D:1      | Learned a level 2 spell: Ensorcelled Hibernation
  1473 | D:2      | Reached XP level 3. HP: 7/14 MP: 2/7
  1984 | D:2      | Slain by a quokka

Illustrated notes

Levels and vault maps discovered:
D:1:      mrwooster_arrival_statue_2, layout_rooms
D:2:      layout_basic, chequers_serial_rivers_large_b, fedhas_altar_4

Skill      XL: |  1  2  3 |
---------------+----------+-----
Unarmed Combat | 2 |  2.4
Dodging        | 3 4 |  4.2
Stealth        | |  4.0
Spellcasting   | |  2.0
Hexes          | |  4.4

Action                   || total
-------------------------++-------
Melee: Unarmed           ||    61
       Bite              ||     7
 Cast: Ensorcelled Hiber ||    14
 Stab: Sleeping          ||     7
Armor: Skin              ||     5
Dodge: Dodged            ||    50
